 Dungeon Crawl Stone Soup version 0.31-a0-233-g139696dc86 (webtiles) character file.

Game seed: 6925823242553778788

5328 experimilk the Tainter (level 10, -1/70 HPs)
             Began as a Red Draconian Venom Mage on July 7, 2023.
             Was a Follower of Vehumet.
             Slain by a troll (5 damage)
             ... on level 8 of the Dungeon.
             The game lasted 00:24:18 (11942 turns).

experimilk the Tainter (Red Draconian Venom Mage)  Turns: 11942, Time: 00:24:19

Health: -1/70      AC:  8    Str: 11    XL:     10   Next: 38%
Magic:  16/23      EV: 13    Int: 26    God:    Vehumet [*.....]
Gold:   385        SH:  0    Dex: 11    Spells: 12/27 levels left

rFire   + . .        v - +7 quarterstaff "Eviscerator" {elec, rN+}
rCold   . . .        (shield currently unavailable)
rNeg    + + +        (body armour unavailable)
rPois   +            (helmet restricted)
rElec   .            E - scarf {+Inv}
rCorr   .            (no gloves)
SInv    +            s - +0 pair of boots
Will    .....        (no amulet)
Stlth   +            e - ring of see invisible
HPRegen 0.31/turn    C - ring of Hotecvom {Drain rPois rN++ Int+6}
MPRegen 0.18/turn

%: no passive effects
@: confused, ambrosia-drunk
A: breathe fire, AC +7, unfitting armour, fire resistance 1, cold-blooded
a: Breathe Fire, Renounce Religion, Evoke Invisibility


You were on level 8 of the Dungeon.
You worshipped Vehumet.
Vehumet was aware of your devotion.
You visited 2 branches of the dungeon, and saw 9 of its levels.

You collected 385 gold pieces.

Inventory:

Hand Weapons
 c - a +2 spear of venom
 d - a +0 dagger
 v - the +7 quarterstaff "Eviscerator" (weapon) {elec, rN+}
   (You found it on level 5 of the Dungeon)

   rN:        It protects you from negative energy.
Missiles
 x - a throwing net
Armour
 h - a +0 cloak
 s - a +0 pair of boots (worn)
 E - a scarf of invisibility (worn)
Jewellery
 e - a ring of see invisible (left hand)
 k - a +5 ring of evasion
 C - the ring of Hotecvom (right hand) {Drain rPois rN++ Int+6}
   (You found it on level 5 of the Dungeon)

   [ring of poison resistance]

   Int:       It affects your intelligence (+6).
   rPois:     It protects you from poison.
   rN:        It greatly protects you from negative energy.
   Drain:     It drains your maximum health when unequipped.
 H - an amulet of magic regeneration
 K - a ring of ice
Wands
 a - a wand of iceblast (5)
 u - a wand of charming (10)
 w - a wand of flame (20)
 B - a wand of mindburst (6)
 G - a wand of digging (4)
 J - a wand of acid (4)
Scrolls
 b - 6 scrolls of teleportation
 g - 2 scrolls of enchant weapon
 j - 3 scrolls of poison
 m - a scroll of silence {unknown}
 n - 2 scrolls of noise {unknown}
 q - a scroll of revelation {unknown}
 r - 2 scrolls of torment {unknown}
 y - a scroll of blinking {unknown}
 F - a scroll of vulnerability {unknown}
Potions
 i - a potion of enlightenment
 l - 4 potions of curing
 o - 4 potions of mutation {unknown}
 p - 2 potions of berserk rage
 t - 2 potions of invisibility
 z - a potion of might {unknown}
 A - a potion of lignification {unknown}
 D - a potion of brilliance {unknown}
 I - a potion of cancellation {unknown}


   Skills:
 - Level 0.5 Fighting
 - Level 4.5 Staves
 - Level 4.5 Dodging
 - Level 1.7 Stealth
 - Level 9.0 Spellcasting
 - Level 1.0 Transmutations
 * Level 10.2 Poison Magic
 + Level 3.2 Evocations


You had 12 spell levels left.
You knew the following spells:

 Your Spells              Type           Power      Damage    Failure   Level
a - Sting                 Tmut/Pois      100%       1d8       1%          1
b - Alistair's Intoxicat  Tmut/Pois      27%        N/A       14%         5
c - Mephitic Cloud        Conj/Pois/Air  29%        N/A       3%          3
x - Olgreb's Toxic Radia  Pois           60%        N/A       1%          4
z - Poisonous Vapours     Pois/Air       76%        N/A       1%          2

Your spell library contained the following spells:

 Spells                   Type           Power      Damage    Failure   Level
 Freeze                   Ice            44%        1d6       4%          1
 Apportation              Tloc           22%        N/A       4%          1
 Kiss of Death            Conj/Necr      44%        2d8       4%          1
 Confusing Touch          Hex            11%        N/A       16%         3
 Dispel Undead            Necr           11%        3d9       45%         4


Dungeon Overview and Level Annotations

Branches:
Dungeon (8/15)             Temple (1/1) D:6
   Lair: D:8-11

Altars:
Ashenzari
Cheibriados
Dithmenos
Elyvilon
Fedhas
Gozag
Hepliaklqana
Kikubaaqudgha
Makhleb
Nemelex Xobeh
Okawaru
Qazlal
Ru
Sif Muna
Trog
Uskayaw
Vehumet
Wu Jian
Xom
Yredelemnul
Zin
The Shining One

Shops:
D:4 *


Innate Abilities, Weirdness & Mutations

You can breathe blasts of fire.
Your fiery red scales are hard. (AC +7)
You cannot fit into any form of body armour.
Your flesh is heat resistant. (rF+)
You are cold-blooded and may be slowed by cold attacks.


Message History

The wolf looks even sicker.
The troll looks as sick as possible!
The wolf looks even sicker.
The troll looks as sick as possible!
Your toxic aura wanes.
The troll closely misses you. The troll barely misses you. The troll claws you!
You hit the troll. Lightning courses through the troll!
Your tail-slap misses the troll.
The troll is severely wounded.
The troll closely misses you. The troll claws you but does no damage.
The troll claws you!
You completely miss the troll. You tail-slap the troll.
The troll is almost dead.
The troll barely misses you. The troll claws you but does no damage.
The troll claws you.
You hit the troll but do no damage.
You tail-slap the troll, but do no damage.
The troll is almost dead.
You kill the wolf!
Vehumet accepts your kill. The troll bites you! The troll barely misses you.
The troll completely misses you.
You closely miss the troll. You tail-slap the troll.
The troll is almost dead.
The troll bites you!
* * * LOW HITPOINT WARNING * * *
The troll claws you but does no damage. The troll barely misses you.
Unknown command.
You barely miss the troll.
The troll is almost dead.
The troll closely misses you. The troll claws you!
* * * LOW HITPOINT WARNING * * *
The troll barely misses you.
Unknown command.
You are confused.
You feel invigorated.
You have got your breath back.
The troll closely misses you. x2; The troll claws you but does no damage.
You bump into the rock wall.
The troll barely misses you. The troll claws you!
* * * LOW HITPOINT WARNING * * *
The troll claws you.
You die...

#.......# .
#####...#...#.# ...
.....[......6..
.....######..#####.#
..........).>......#
############.#######
#.....)# #.#.†#T#
#.#..#@# #.#....#.#
#....<...#
#..####### #.. ...#
..


You could see a troll (very poisoned).

Vanquished Creatures
  Amaemon (D:8)
  Maurice (D:8)
  An orange demon (D:8)
  Prince Ribbit (D:7)
  Grinder (D:5)
  Sigmund (D:2)
  A yak (D:5)
  Eustachio (D:4)
  Menkaure (D:4)
  A water moccasin (D:6)
  Edmund (D:4)
  An acid dragon (D:8)
  Duvessa (D:7)
  2 black bears
  An ice beast (D:5)
  2 orc warriors (D:6)
  2 wolves (D:8)
  3 ogres
  A centaur (D:5)
  A phantom (D:5)
  2 scorpions
  Dowan (D:7)
  4 killer bees (D:7)
  5 electric eels (D:5)
  4 howler monkeys
  3 jellies
  4 orc priests
  5 hounds (D:5)
  A sleepcap (D:6)
  A gnoll bouda (D:6)
  Jessica (D:2)
  4 iguanas
  Ijyb (D:2)
  4 orc wizards
  A mummy (D:6)
  13 adders
  13 gnolls
  An ufetubus (D:3)
  A worm (D:3)
  2 dart slugs
  22 orcs
  12 ball pythons
  3 bats (D:1)
  4 endoplasms
  4 giant cockroaches
  11 goblins
  9 hobgoblins
  7 jackals
  A quokka (D:1)
  A frilled lizard (D:2)
  8 kobolds
  7 rats
185 creatures vanquished.

Vanquished Creatures (others)
  An electric eel (D:5)
1 creature vanquished.

Grand Total: 186 creatures vanquished

Notes
Turn   | Place    | Note
-------+----------+-------------------------------------------
     0 | D:1      | experimilk the Draconian Venom Mage began the quest for the
                  | Orb.
     0 | D:1      | Reached XP level 1. HP: 14/14 MP: 3/3
   171 | D:1      | Reached XP level 2. HP: 20/20 MP: 1/5
   442 | D:1      | Reached skill level 4 in Poison Magic
   465 | D:1      | Learned a level 2 spell: Poisonous Vapours
   802 | D:1      | Reached XP level 3. HP: 24/26 MP: 0/6
  1393 | D:2      | Noticed Jessica
  1399 | D:2      | Killed Jessica
  1399 | D:2      | Noticed Sigmund
  1596 | D:2      | Noticed Ijyb
  1860 | D:1      | Reached XP level 4. HP: 25/33 MP: 0/7
  2171 | D:2      | Killed Ijyb
  2172 | D:2      | Reached skill level 5 in Poison Magic
  2808 | D:2      | Killed Sigmund
  2809 | D:2      | Reached skill level 6 in Poison Magic
  2809 | D:2      | Reached XP level 5. HP: 27/38 MP: 1/8
  2809 | D:2      | Reached XP level 6. HP: 32/45 MP: 1/9
  2986 | D:2      | Reached skill level 7 in Poison Magic
  3219 | D:2      | Found a sacrificial altar of Ru.
  4233 | D:3      | Learned a level 4 spell: Olgreb's Toxic Radiance
  5459 | D:4      | Noticed Eustachio
  5467 | D:4      | Killed Eustachio
  5468 | D:4      | Reached skill level 8 in Poison Magic
  5468 | D:4      | Your scales start taking on a fiery red colour.
  5468 | D:4      | Reached XP level 7. HP: 45/50 MP: 0/10
  5468 | D:4      | Gained mutation: Your flesh is heat resistant. (rF+) [Red
                  | Draconian growth]
  5888 | D:4      | Noticed Edmund
  5897 | D:4      | Killed Edmund
  5898 | D:4      | Reached skill level 9 in Poison Magic
  6246 | D:4      | Noticed Menkaure
  6249 | D:4      | Killed Menkaure
  6379 | D:4      | Found Dafam's Assorted Antiques.
  6614 | D:5      | Entered Level 5 of the Dungeon
  6696 | D:5      | Reached XP level 8. HP: 57/57 MP: 10/14
  6742 | D:5      | Learned a level 3 spell: Mephitic Cloud
  7283 | D:5      | Reached skill level 5 in Spellcasting
  7311 | D:5      | Identified the +7 quarterstaff "Eviscerator" {elec, rN+}
  7516 | D:5      | Identified the +1 plate armour "Hipia" {rElec rPois rCorr}
  7527 | D:5      | Noticed Grinder
  7539 | D:5      | Paralysed by Grinder for 5 turns
  7548 | D:5      | Paralysed by Grinder for 5 turns
  7550 | D:5      | Killed Grinder
  8718 | D:5      | Reached XP level 9. HP: 62/62 MP: 15/21
  8979 | D:5      | Identified the ring of Hotecvom {Drain rPois rN++ Int+6}
  9208 | D:6      | Reached skill level 1 in Staves
  9571 | D:6      | Found a staircase to the Ecumenical Temple.
  9601 | Temple   | Entered the Ecumenical Temple
  9796 | Temple   | Became a worshipper of Vehumet
 10408 | D:6      | Found a snail-covered altar of Cheibriados.
 10558 | D:7      | Noticed Duvessa
 10558 | D:7      | Noticed Dowan
 10562 | D:7      | Killed Duvessa
 10563 | D:7      | Killed Dowan
 11004 | D:7      | Noticed Prince Ribbit
 11013 | D:7      | Killed Prince Ribbit
 11513 | D:7      | Reached * piety under Vehumet
 11513 | D:7      | Offered knowledge of Freeze by Vehumet.
 11825 | D:7      | Learned a level 5 spell: Alistair's Intoxication
 11843 | D:8      | Noticed Amaemon
 11843 | D:8      | Noticed an orange demon
 11854 | D:8      | Killed an orange demon
 11855 | D:8      | Reached skill level 1 in Evocations
 11855 | D:8      | Reached XP level 10. HP: 70/70 MP: 6/23
 11857 | D:8      | Killed Amaemon
 11861 | D:8      | Noticed Maurice
 11875 | D:8      | Killed Maurice
 11876 | D:8      | Reached skill level 10 in Poison Magic
 11942 | D:8      | Slain by a troll

Illustrated notes

Levels and vault maps discovered:
D:1:      beargit_arrival_greenhouse, layout_basic, minmay_tetromino_l4
D:2:      kennysheep_the_goblin_king, layout_basic, basic_altar, uniq_sigmund,
          uniq_jessica
D:3:      layout_rooms
D:4:      layout_cave_pools, serial_glass, glass_columns_a, glass_columns_a,
          serial_shops, nicolae_shop_stone, uniq_edmund, uniq_menkaure,
          uniq_eustachio
D:5:      cheibrodos_two_vegetables, layout_loops_ring, uniq_crazy_yiuf_cottage,
          uniq_grinder
D:6:      layout_rooms, slow_altar_1, minmay_temple_entry_wispy,
          minmay_crystal_room
D:7:      layout_basic, uniq_duvessa, uniq_prince_ribbit1
D:8:      layout_basic, erik_lair_island, nicolae_lava_and_water, uniq_amaemon,
          uniq_maurice
Temple:   minmay_crystal_snake_temple

Skill      XL: |  1  2  3  4  5  6  7  8  9 10 |
---------------+-------------------------------+-----
Poison Magic   | 4 6 8 9 10 | 10.2
Spellcasting   | 4 8 9 |  9.0
Staves         | 4 |  4.5
Dodging        | 4 |  4.5
Evocations     | 1 3 |  3.2
Fighting       | |  0.5
Stealth        | |  1.7
Transmutations | |  1.0

Action                     |  1- 3 |  4- 6 |  7- 9 | 10-12 || total
---------------------------+-------+-------+-------+-------++-------
  Melee: Dagger            |    35 |     4 |       |       ||    39
         Tailslap          |     5 |     2 |    11 |     4 ||    22
         Spear             |       |    17 |    27 |       ||    44
         Punch             |       |     1 |       |       ||     1
         Quarterstaff      |       |       |    34 |    12 ||    46
   Cast: Sting             |    48 |    82 |    67 |     1 ||   198
         Poisonous Vapours |    14 |    50 |    33 |     2 ||    99
         Olgreb's Toxic Ra |       |       |    42 |     3 ||    45
         Mephitic Cloud    |       |       |     9 |       ||     9
Ability: Breathe Fire      |       |       |    28 |     2 ||    30
  Evoke: Wand              |       |     1 |     1 |     1 ||     3
    Use: Scroll            |     3 |     2 |     1 |     1 ||     7
         Potion            |       |     2 |       |     1 ||     3
 Armour: Skin              |    27 |    18 |    19 |     6 ||    70
  Dodge: Dodged            |    42 |    37 |    71 |    14 ||   164

Table legend: (Time is in decaauts)
 A = Elapsed time spent in this place.
 B = Non-inter-level travel time spent in this place.
 C = Inter-level travel time spent in this place.
 D = Time resting spent in this place.
 E = Time spent auto-exploring this place.
 F = Levels seen in this place.
 G = Mean time per level.
                   A        B        C        D        E       F      G
               +--------+--------+--------+--------+--------+-----+--------+
         Total |  11979 |  11718 |    261 |   4676 |   5797 |   9 | 1331.0 |
       Dungeon |  11754 |  11540 |    214 |   4676 |   5638 |   8 | 1469.2 |
        Temple |    224 |    177 |     47 |      0 |    159 |   1 |  224.0 |
               +--------+--------+--------+--------+--------+-----+--------+

Top non-repeatable levels by time:
     D:5: 2218 daAuts
     D:2: 2202 daAuts
     D:1: 2018 daAuts
     D:6: 1522 daAuts
     D:3: 1416 daAuts
     D:4: 1264 daAuts
     D:7: 994 daAuts
  Temple: 224 daAuts
     D:8: 116 daAuts
